 Dungeon Crawl Stone Soup version 0.29.0-4-gdea44cf6ec (webtiles) character file.

Game seed: 7080002863590733104

72 qw the Chopper (level 4, 0/26 HPs)
             Began as a Tengu Warper on Aug 28, 2022.
             Slain by an orc
             ... wielding a +0 flail
              (2 damage)
             ... on level 2 of the Dungeon.
             The game lasted 00:00:06 (1167 turns).

qw the Chopper (Tengu Warper)                       Turns: 1167, Time: 00:00:06

Health: 0/26       AC:  7    Str: 13    XL:     4   Next: 26%
Magic:  8/8        EV: 10    Int: 13    God:
Gold:   99         SH:  0    Dex: 14    Spells: 7/7 levels left

rFire   . . .      SeeInvis .   Y - +0 hand axe
rCold   . . .      Faith    .   (no shield)
rNeg    . . .      Spirit   .   f - +0 scale mail
rPois   .          Reflect  .   (helmet restricted)
rElec   .          Harm     .   (no cloak)
rCorr   .          Rampage  .   i - +0 pair of gloves
Will    .....                   (boots unavailable)
Stlth   ..........              (no amulet)
HPRegen 0.08/turn               j - +4 ring of evasion
MPRegen 0.11/turn               (no ring)

@: constricted
A: beak, talons 3
a: no special abilities


You were on level 2 of the Dungeon.
You visited 1 branch of the dungeon, and saw 2 of its levels.

You collected 99 gold pieces.


Innate Abilities, Weirdness & Mutations

You have a beak for a mouth.
You have claws for feet.


   Skills:
 - Level 2.0 Fighting
 + Level 4.8 Axes
 - Level 1.0 Throwing
 - Level 1.1 Armour
 - Level 2.1 Dodging
 - Level 2.0 Spellcasting
 - Level 2.4 Translocations


You had 7 spell levels left.
You didn't know any spells.
Your spell library contained the following spells:

 Spells                   Type           Power      Damage    Failure   Level
 Blink                    Tloc           14%        N/A       56%         2
 Gell's Gravitas          Tloc           7%         N/A       80%         3
 Lesser Beckoning         Tloc           7%         N/A       80%         3
 Teleport Other           Tloc           7%         N/A       80%         3
 Manifold Assault         Tloc           7%         N/A       100%        5

Inventory:

Hand Weapons
 g - a +0 whip
 Y - a +0 hand axe (weapon)
Missiles
 a - 6 javelins (quivered)
Armour
 f - a +0 scale mail (worn)
 i - a +0 pair of gloves (worn)
Jewellery
 j - a +4 ring of evasion (left hand)
Scrolls
 b - a scroll of butterflies {unknown}
Potions
 d - a potion of mutation {unknown}
 k - a potion of haste
 l - a potion of might {unknown}

Dungeon Overview and Level Annotations

Branches:
Dungeon (2/15)

Altars:


Message History

You feel a bit more experienced.
You have reached level 4!
You feel agile.
A ball python comes into view.
You feel less confused.
The ball python hisses angrily.
Things that are here:
a +0 dagger; a +0 robe; an orc corpse A frilled lizard comes into view.
An orc comes into view. It is wielding a +0 club.
The orc closely misses you.
An orc comes into view. It is wielding a +0 flail.
The orc shouts!
You hit the orc.
The orc is moderately wounded.
The orc misses you.
You hit the orc. You peck the orc.
The orc is severely wounded.
You closely miss the orc. You claw the orc.
You kill the orc!
You closely miss the ball python. The ball python misses you.
The ball python barely misses you.
You closely miss the ball python. Your kick misses the ball python.
Your peck misses the ball python. The ball python barely misses you.
The ball python closely misses you.
You barely miss the orc. You claw the orc, but do no damage.
You hit the ball python but do no damage.
The ball python barely misses you. The ball python misses you.
The orc barely misses you.
The ball python bites you but does no damage.
The ball python grabs you. The ball python constricts you.
You hit the ball python but do no damage.
Your peck misses the ball python. You hit the frilled lizard.
You kill the frilled lizard!
You barely miss the orc. The orc closely misses you.
The ball python bites you but does no damage.
The ball python constricts you.
You closely miss the ball python. You hit the orc.
The orc hits you with a +0 flail.
You die...

......................
....................#
....................#
....................#
....................+
.(..................#
..........###..=###.#
#########.#
###)###.#.## #..
#.@oo.....
.......##So.....
....#. ....... ... ##
..(.... # .......
....... .......
.......


You could see 3 orcs and a ball python.

Vanquished Creatures
  An orc wizard (D:2)
  An iguana (D:2)
  A dart slug (D:1)
  An orc (D:2)
  An endoplasm (D:2)
  2 giant cockroaches (D:1)
  3 goblins (D:1)
  A quokka (D:1)
  3 ball pythons (D:2)
  3 bats
  A frilled lizard (D:2)
  2 kobolds (D:1)
  A rat (D:1)
21 creatures vanquished.

Notes
Turn   | Place    | Note
-------+----------+-------------------------------------------
     0 | D:1      | qw the Tengu Warper began the quest for the Orb.
     0 | D:1      | Reached XP level 1. HP: 12/12 MP: 4/4
     0 | D:1      | 0 ||| qw: Version: 0.1-a-89-g26bdef1
     0 | D:1      | 0 ||| qw: Game counter: 1329
     0 | D:1      | 0 ||| qw: Always use a shield: true
     0 | D:1      | 0 ||| qw: God list: Okawaru
     0 | D:1      | 0 ||| qw: Allow faded altars: false
     0 | D:1      | 0 ||| qw: Do Orc after D:15 true
     0 | D:1      | 0 ||| qw: Do second Lair branch before Depths: true
     0 | D:1      | 0 ||| qw: Lair rune preference: random
     0 | D:1      | 0 ||| qw: Plans: Normal
     0 | D:1      | 0 ||| PLANNING D:1-11
   154 | D:1      | 154 ||| DROPPING +0 club.
   201 | D:1      | 201 ||| Stepping ~*~*~tactically~*~*~ (stealth).
   203 | D:1      | 203 ||| Stepping ~*~*~tactically~*~*~ (stealth).
   210 | D:1      | Reached XP level 2. HP: 16/17 MP: 6/6
   237 | D:1      | Reached skill level 3 in Axes
   403 | D:1      | Found a faded altar of an unknown god.
   431 | D:1      | 431 ||| Stepping ~*~*~tactically~*~*~ (hiding).
   586 | D:1      | 586 ||| UPGRADING to +0 scale mail.
   596 | D:1      | 596 ||| DROPPING +0 leather armour.
   597 | D:1      | 597 ||| UPGRADING to +0 pair of gloves.
   602 | D:1      | 602 ||| UPGRADING to +4 ring of evasion.
   603 | D:1      | 603 ||| READING scroll labelled YVUYGG ALETZUPE.
   604 | D:1      | 604 ||| READING scroll labelled XAUMPU YFRA.
   609 | D:1      | 609 ||| DRINKING 2 viscous purple potions.
   642 | D:1      | 642 ||| DRINKING 2 silvery potions.
   643 | D:1      | 643 ||| DROPPING scroll of blinking.
   644 | D:1      | 644 ||| DROPPING potion of lignification.
   815 | D:2      | Reached skill level 4 in Axes
   815 | D:2      | Reached XP level 3. HP: 7/21 MP: 7/7
  1131 | D:2      | 1131 ||| Stepping ~*~*~tactically~*~*~ (stealth).
  1135 | D:2      | 1135 ||| Stepping ~*~*~tactically~*~*~ (hiding).
  1156 | D:2      | HP: 1/21 [something/puff of flame (8)]
  1158 | D:2      | Reached XP level 4. HP: 1/26 MP: 8/8
  1167 | D:2      | Slain by an orc

Levels and vault maps discovered:
D:1:      saegor_arrival_simple_a, layout_rooms,
          dreamdust_ecumenical_altar_statues, dreamdust_wishing_well,
          minivault_27
D:2:      layout_basic

Skill      XL: |  1  2 |
---------------+-------+-----
Axes           | 4 |  4.8
Fighting       | |  2.0
Throwing       | |  1.0
Armour         | |  1.1
Dodging        | |  2.1
Spellcasting   | |  2.0
Translocations | |  2.4

Action                   |  1- 3 |  4- 6 || total
-------------------------+-------+-------++-------
Melee: Hand axe          |    52 |     7 ||    59
       Kick              |    11 |     2 ||    13
       Peck              |     8 |     1 ||     9
Throw: Boomerang         |     7 |       ||     7
       Javelin           |     4 |       ||     4
  Use: Scroll            |     2 |       ||     2
       Potion            |     2 |       ||     2
Armor: Scale mail        |    12 |     2 ||    14
Dodge: Dodged            |    25 |    10 ||    35

Table legend:
 A = Non-vault XP
 B = Vault XP
 C = Vault XP percentage of total XP
 D = Non-vault monster count
 E = Vault monster count
 F = Vault count percentage of total count
                 A         B        C        D         E       F
            +---------+---------+-------+---------+---------+-------
      Total |     104 |       0 |   0.0 |      21 |       0 |   0.0
            +---------+---------+-------+---------+---------+-------
        D:1 |      20 |       0 |   0.0 |      12 |       0 |   0.0
        D:2 |      84 |       0 |   0.0 |       9 |       0 |   0.0
            +---------+---------+-------+---------+---------+-------
